 Dungeon Crawl Stone Soup version 0.30.0-5-g1a98f26d00 (webtiles) character file.

Game seed: 11954765173934395171

1210 Adrian566 the Cleaver (level 8, -2/75 HPs)
             Began as a Hill Orc Fighter on May 12, 2023.
             Was an Initiate of Beogh.
             Killed by divine providence
             ... invoked by an orc priest
              (9 damage)
             ... on level 6 of the Dungeon.
             The game lasted 00:04:41 (5256 turns).

Adrian566 the Cleaver (Hill Orc Fighter)            Turns: 5256, Time: 00:04:42

Health: -2/75      AC:  9    Str: 21    XL:     8   Next: 45%
Magic:  0/8        EV:  9    Int:  6    God:    Beogh [......]
Gold:   303        SH:  5    Dex: 10    Spells: 7/7 levels left

rFire   . . .        a - +0 war axe
rCold   . . .        c - +1 buckler
rNeg    . . .        b - +0 scale mail
rPois   .            t - +2 hat
rElec   .            (no cloak)
rCorr   .            (no gloves)
SInv    .            (no boots)
Will    .....        e - amulet of guardian spirit Stlth
                     (no ring)
HPRegen 0.32/turn    (no ring)
MPRegen 0.11/turn

%: guardian spirit
@: no status effects
A: talons 1, dopey 1, robust 1
a: Renounce Religion


You were on level 6 of the Dungeon.
You worshipped Beogh.
Beogh was noncommittal.
You visited 2 branches of the dungeon, and saw 7 of its levels.

You collected 303 gold pieces.

Inventory:

Hand Weapons
 a - a +0 war axe (weapon)
 u - the +9 mace "Ywaemeck" {flame, rCorr Dex+2}
   (You found it on level 4 of the Dungeon)

   Dex:       It affects your dexterity (+2).
   rCorr:     It protects you from acid and corrosion.
Armour
 b - a +0 scale mail (worn)
 c - a +1 buckler (worn)
 t - a +2 hat (worn)
Jewellery
 e - an amulet of guardian spirit (around neck)
 n - a ring of willpower
 p - an amulet of magic regeneration
 x - a ring of ice
Wands
 d - a wand of charming (2)
 i - a wand of roots (11)
 s - a wand of quicksilver (14)
Scrolls
 g - a scroll of blinking
 m - 2 scrolls of teleportation
Potions
 f - a potion of heal wounds
 j - a potion of lignification
 l - 2 potions of mutation
 o - a potion of berserk rage {unknown}
 r - a potion of degeneration
 v - a potion of brilliance
 w - a potion of resistance {unknown}
 z - a potion of attraction {unknown}


   Skills:
 + Level 5.5 Fighting
 * Level 10.1 Axes
 + Level 5.7 Armour
 + Level 1.1 Dodging
 + Level 0.3 Stealth
 + Level 4.1 Shields


You had 7 spell levels left.
You didn't know any spells.
Your spell library contained the following spells:

 Spells                   Type           Power      Damage    Failure   Level
 Magic Dart               Conj           0%         1d3       83%         1
 Call Imp                 Summ           0%         N/A       93%         2
 Mephitic Cloud           Conj/Pois/Air  0%         N/A       99%         3
 Fireball                 Conj/Fire      0%         3d3       100%        5
 Iskenderun's Battlesphe  Conj           0%         2d6       100%        5
 Conjure Ball Lightning   Conj/Air       0%         3x3d6     100%        6
 Orb of Destruction       Conj           0%         9d5       100%        7


Dungeon Overview and Level Annotations

Branches:
Dungeon (6/15)             Temple (1/1) D:5

Altars:
Cheibriados
Dithmenos
Elyvilon
Fedhas
Gozag
Hepliaklqana
Makhleb
Nemelex Xobeh
Okawaru
Qazlal
Ru
Sif Muna
Trog
Uskayaw
Wu Jian
Xom
Yredelemnul
Zin
The Shining One

Shops:
D:3 *


Innate Abilities, Weirdness & Mutations

You have sharp toenails.
You are dopey. (Int -2)
You are robust. (+10% HP)


Message History

There are monsters nearby!
You are too injured to fight recklessly!
You are too injured to fight recklessly!
Unknown command.
Okay, then.
You slash the orc warrior!
You kill the orc warrior!
Beogh accepts your kill.
You barely miss the orc priest. You hit the orc.
The orc priest mumbles some strange prayers to Beogh against you.
Beogh smites you!
* * * LOW HITPOINT WARNING * * *
The orc hits you but does no damage.
Your Axes skill increases to level 10!
You slash the orc!
You kill the orc!
Beogh accepts your kill.
You hit the orc priest.
The orc priest calls down the wrath of Beogh upon you.
You struggle to resist.
The orc priest mumbles some strange prayers to Beogh against you.
Beogh smites you!
* * * LOW HITPOINT WARNING * * *
Things that are here:
a +0 falchion of electrocution; a +0 chain mail You slash the orc priest!
Your kick misses the orc priest.
The orc priest is almost dead.
You block the orc priest's attack.
You hit the orc priest but do no damage.
You claw the orc priest, but do no damage.
The orc priest is almost dead.
The orc priest hits you with a +0 hand axe.
* * * LOW HITPOINT WARNING * * *
You hit the orc priest but do no damage.
You claw the orc priest, but do no damage.
The orc priest is almost dead.
The orc priest calls down the wrath of Beogh upon you.
Beogh smites you!
You die...
Beogh appreciates the orc priest's killing of a heretic priest.

...#..... ..#
..#...... ..
#####..###
#.###..###
......>..#
.........#
#........# ##
#........+ ...
#o@# ..# ##+#
##.)##..##.
.....#.?........
.....'.........
##...#...##..##
#######.##..##
#.......#
#.......#
#.).....#


You could see an orc priest.

Vanquished Creatures
  Grinder (D:4)
  Menkaure (D:4)
  An orc warrior (D:6)
  A phantom (D:4)
  A bullfrog (D:5)
  3 scorpions
  3 hounds
  A jelly (D:4)
  A sleepcap (D:4)
  Jessica (D:2)
  Ijyb (D:4)
  2 iguanas
  An orc wizard (D:3)
  Robin (D:4)
  6 adders
  3 gnolls (D:6)
  An ufetubus (D:4)
  3 worms
  A dart slug (D:2)
  7 orcs
  11 endoplasms
  5 giant cockroaches
  7 goblins
  12 hobgoblins
  4 jackals (D:2)
  12 kobolds
  3 quokkas
  8 ball pythons
  4 bats (D:2)
  11 frilled lizards
  7 rats
124 creatures vanquished.

Notes
Turn   | Place    | Note
-------+----------+-------------------------------------------
     0 | D:1      | Adrian566 the Hill Orc Fighter began the quest for the Orb.
     0 | D:1      | Reached XP level 1. HP: 19/19 MP: 1/1
   105 | D:1      | Reached skill level 3 in Axes
   113 | D:1      | Reached XP level 2. HP: 25/27 MP: 2/2
   658 | D:2      | Reached XP level 3. HP: 33/33 MP: 3/3
   896 | D:2      | Reached skill level 4 in Axes
  1156 | D:2      | Found a faded altar of an unknown god.
  1231 | D:2      | Reached XP level 4. HP: 35/40 MP: 4/4
  1282 | D:2      | Noticed Jessica
  1285 | D:2      | Killed Jessica
  1563 | D:3      | Found Togonenou's General Store.
  1770 | D:3      | Reached skill level 5 in Axes
  1773 | D:3      | Reached XP level 5. HP: 46/46 MP: 5/5
  2463 | D:4      | Reached skill level 6 in Axes
  2463 | D:4      | Reached XP level 6. HP: 46/53 MP: 6/6
  2628 | D:4      | Reached skill level 7 in Axes
  2822 | D:4      | Noticed Grinder
  2829 | D:4      | Paralysed by Grinder for 3 turns
  2847 | D:4      | Killed Grinder
  2848 | D:4      | Reached skill level 5 in Fighting
  2848 | D:4      | Reached skill level 8 in Axes
  2848 | D:4      | Reached XP level 7. HP: 26/61 MP: 3/7
  3011 | D:4      | Noticed Robin
  3011 | D:4      | Noticed Ijyb
  3043 | D:4      | Killed Ijyb
  3043 | D:4      | Killed Robin
  3044 | D:4      | Reached skill level 5 in Armour
  3288 | D:4      | Noticed Menkaure
  3294 | D:4      | Killed Menkaure
  3405 | D:4      | Identified the +9 mace "Ywaemeck" {flame, rCorr Dex+2}
  3416 | D:4      | Reached skill level 9 in Axes
  3416 | D:4      | Reached skill level 1 in Dodging
  3479 | D:4      | Reached XP level 8. HP: 63/68 MP: 6/8
  3676 | D:5      | Entered Level 5 of the Dungeon
  3781 | D:5      | Found a staircase to the Ecumenical Temple.
  4026 | D:5      | Found a stormy altar of Qazlal.
  4030 | D:5      | Became a worshipper of Beogh the Brigand
  4034 | D:5      | Found an opulent altar of Gozag.
  4038 | D:5      | Found an iron altar of Okawaru.
  4683 | Temple   | Entered the Ecumenical Temple
  5156 | D:5      | Gained mutation: You are robust. (+10% HP) [potion of
                  | mutation]
  5156 | D:5      | Gained mutation: You are dopey. (Int -2) [potion of
                  | mutation]
  5156 | D:5      | Gained mutation: You have sharp toenails. [potion of
                  | mutation]
  5252 | D:6      | Reached skill level 10 in Axes
  5256 | D:6      | Killed from afar by an orc priest

Illustrated notes

Levels and vault maps discovered:
D:1:      heliophobic_arrival_enchanted_forest, layout_rooms,
          nrook_mini_backslash
D:2:      layout_basic, dreamdust_ecumenical_altar_hidden_monk_grotto,
          minmay_lizard_pond, uniq_jessica
D:3:      layout_basic, serial_shops, nicolae_shop_just_a_little_nook
D:4:      layout_gridville, nicolae_goblin_pals, uniq_grinder, uniq_menkaure
D:5:      layout_basic, minitemple, minmay_temple_entry_hall,
          nicolae_fountain_basement
D:6:      layout_gridville, uniq_duvessa
Temple:   nicolae_temple_elliptical

Skill      XL: |  1  2  3  4  5  6  7  8 |
---------------+-------------------------+-----
Axes           | 3 4 5 6 8 9 10 | 10.1
Fighting       | 4 5 |  5.5
Armour         | 4 5 |  5.7
Dodging        | 1 |  1.1
Shields        | 4 |  4.1
Stealth        | |  0.3

Action                     |  1- 3 |  4- 6 |  7- 9 || total
---------------------------+-------+-------+-------++-------
  Melee: War axe           |   141 |   137 |   100 ||   378
         Kick              |       |       |     8 ||     8
 Invoke: Convert to Beogh  |       |       |     1 ||     1
    Use: Scroll            |     1 |       |     8 ||     9
         Potion            |       |     1 |     3 ||     4
 Armour: Scale mail        |    75 |    49 |    63 ||   187
  Dodge: Dodged            |    94 |    64 |    59 ||   217
  Block: Buckler           |    44 |    24 |    22 ||    90
